Map: Data-C

Players

LiquidElazer (Elazer)

  • Race: Zerg Zerg
  • Spawn Location: 3:00

Reynor - Winner!

  • Race: Zerg Zerg
  • League: Master
  • Spawn Location: 9:00

Event: HomeStory Cup XXII

VOD

Have the link to the VOD?

Description

Time

  • Played on: Dec. 16, 2022, 12:56 p.m.
  • Length: 7:21

All games in this series

Show
View Real Time Build Order
Export as new Build Order

LiquidElazer Zerg 

Build Orders: Hatch First, Roach Nydus 

Get SALT Encoding   

  12  0:00  Drone  
  13  0:11  Overlord  
  13  0:16  Drone  
  14  0:30  Drone x2  
  16  0:47  Hatchery  
  15  0:50  Drone  
  15  0:54  Drone  
  17  0:57  Drone  
  18  1:08  Extractor  
  17  1:13  Spawning Pool  
  17  1:16  Drone  
  17  1:19  Drone  
  18  1:27  Drone  
  19  1:38  Drone  
  20  1:49  Drone  
  21  1:59  Queen x2  
  21  2:00  Zergling x2  
  21  2:01  Overlord  
  26  2:09  Drone  
  26  2:10  Drone  
  26  2:11  Metabolic Boost  
  28  2:26  Zergling x2  
  28  2:27  Drone  
  30  2:34  Hatchery  
  29  2:37  Drone  
  29  2:39  Drone  
  29  2:42  Drone  
  32  2:45  Drone  
  32  2:49  Baneling Nest  
  32  2:54  Overlord  
  33  2:58  Drone  
  33  3:05  Drone x2  
  34  3:07  Drone  
  34  3:08  Overlord  
  35  3:16  Zergling x4  
  35  3:19  Queen  
  39  3:22  Zergling x2  
  39  3:23  Zergling x2  
  39  3:25  Drone  
  42  3:28  Drone  
  42  3:29  Drone  
  42  3:32  Drone  
  45  3:40  Drone x5  
  50  3:42  Drone  
  50  3:46  Overlord  
  50  3:47  Drone  
  52  3:49  Drone  
  52  3:51  Drone  
  52  3:53  Drone  
  55  4:01  Drone  
  55  4:03  Drone x2  
  55  4:05  Roach Warren  
  55  4:08  Overlord  
  56  4:10  Extractor  
  56  4:13  Drone x3  
  57  4:17  Drone  
  57  4:18  Drone x4  
  62  4:26  Spine Crawler  
  61  4:32  Spine Crawler  
  61  4:33  Spine Crawler  
  59  4:44  Roach x7  
  73  4:50  Lair  
  73  4:52  Overlord  
  76  4:54  Extractor, Overlord  
  76  4:56  Extractor  
  76  4:57  Extractor  
  73  5:00  Drone  
  73  5:04  Overlord  
  74  5:10  Drone x6  
  80  5:14  Overlord  
  80  5:15  Roach x2  
  84  5:23  Roach x6  
  96  5:34  Roach x5  
  106  5:40  Overlord x4  
  106  5:47  Glial Reconstitution  
  106  5:49  Nydus Network  
  105  5:54  Overlord  
  105  5:57  Overlord  
  105  5:59  Roach x6  
  105  6:02  Roach x2  
  121  6:07  Roach x2  
  121  6:08  Roach  
  121  6:11  Roach  
  129  6:12  Roach  
  129  6:16  Roach x2  
  135  6:18  Roach  
  137  6:25  Nydus Canal  
  137  6:27  Roach  
  137  6:28  Roach x2  
  137  6:31  Roach  
  144  6:36  Roach x3  
  144  6:37  Roach  
  144  6:39  Roach  
  154  6:44  Nydus Canal  
  154  6:46  Overlord x2  
  154  6:52  Roach x3  
  154  7:00  Roach x4  
  154  7:04  Nydus Canal  
Show
View Real Time Build Order
Export as new Build Order

Reynor Zerg - Winner!

Build Orders: Hatch First 

Get SALT Encoding   

  12  0:00  Drone  
  13  0:12  Overlord  
  13  0:17  Drone  
  14  0:30  Drone x2  
  16  0:48  Hatchery  
  15  0:51  Drone  
  15  0:54  Drone  
  17  1:08  Spawning Pool  
  16  1:11  Drone  
  16  1:15  Drone  
  16  1:18  Drone  
  19  1:26  Extractor  
  19  1:28  Drone  
  19  1:38  Drone  
  20  1:49  Overlord  
  20  1:55  Queen  
  20  1:59  Queen  
  20  2:00  Drone  
  20  2:01  Zergling x2  
  26  2:10  Drone  
  26  2:11  Drone  
  28  2:21  Drone x2  
  30  2:31  Hatchery  
  30  2:33  Drone x2  
  31  2:43  Baneling Nest  
  30  2:44  Drone x2  
  32  2:54  Overlord  
  32  2:55  Drone  
  33  2:59  Queen  
  33  3:03  Drone  
  35  3:12  Zergling x4  
  37  3:13  Overlord  
  37  3:15  Drone  
  37  3:16  Drone  
  39  3:24  Drone, Roach Warren  
  39  3:26  Baneling  
  39  3:27  Drone  
  40  3:36  Overlord  
  40  3:37  Drone x4  
  40  3:39  Baneling  
  44  3:53  Overlord  
  44  3:57  Extractor  
  43  4:04  Roach x6  
  43  4:05  Drone  
  43  4:09  Drone x3  
  59  4:10  Evolution Chamber  
  59  4:13  Drone x2  
  59  4:14  Drone x3  
  59  4:16  Drone  
  63  4:20  Baneling  
  63  4:21  Drone x2  
  63  4:22  Drone  
  66  4:26  Drone x2  
  68  4:32  Lair  
  68  4:33  Drone  
  68  4:35  Drone  
  68  4:36  Drone  
  71  4:44  Drone x2  
  73  4:46  Zerg Missile Weapons Level 1  
  73  4:48  Drone x2, Extractor x2  
  73  4:53  Overlord  
  73  4:55  Drone  
  73  4:58  Overlord  
  74  5:01  Overlord  
  73  5:12  Overlord  
  73  5:13  Drone x8  
  81  5:15  Extractor x2  
  81  5:16  Drone  
  81  5:17  Drone x2  
  81  5:18  Roach x3  
  81  5:21  Roach  
  90  5:25  Roach  
  92  5:30  Overlord  
  92  5:32  Drone x2, Spire  
  92  5:35  Roach x2  
  97  5:36  Drone  
  97  5:39  Overlord  
  98  5:43  Drone  
  98  5:44  Glial Reconstitution  
  99  5:54  Roach x2  
  99  5:55  Hatchery, Roach  
  99  5:56  Overseer  
  104  5:58  Overlord  
  104  6:00  Roach  
  104  6:03  Roach x2  
  110  6:05  Roach  
  110  6:07  Roach  
  118  6:11  Roach x2  
  118  6:12  Roach  
  118  6:16  Roach  
  118  6:17  Roach  
  124  6:19  Spine Crawler  
  124  6:20  Overlord  
  124  6:21  Roach x2  
  124  6:23  Ravager  
  129  6:26  Overlord  
  129  6:31  Overlord  
  129  6:37  Overlord  
  129  6:39  Ravager x2  
  131  6:40  Roach x3  
  131  6:44  Roach x4  
  145  6:50  Roach x2  
  145  6:51  Roach x2  
  148  6:55  Roach x3  
  148  6:57  Roach  
  148  7:00  Roach x2  
  156  7:02  Roach  
Tags
 
League
Master
Matchup
ZvZ
Race
Zerg
Replay Pack
hsc22
Spawn Locations
Cross Positions
Strategy
Roach Nydus
Add a new tag
Caveats
  • Supply blocks, unpowered buildings, or Contaminate may cause inaccurate times.
  • Supply counts are checked every 10 seconds.